3A
GALESBURG GUZZLERS @ MANCELONA TORCH
06/03/2027
 
TOP OF THE 1ST
Galesburg Guzzlers batting - Pitching for Mancelona Torch : RHP Ignacio Ayala
Pitching: RHP Ignacio Ayala
Batting: RHB Eun-bum Kim 0-0: Ball
1-0: SINGLE (Groundball, 15S) (infield hit)
Batting: RHB Sébastien Bernard 0-0: Grounds into double play, 5-4-3 (Groundball, 56)
Batting: RHB Toussiant L'Ouverture 0-0: Ball
1-0: Ball
2-0: Ball
3-0: Called Strike
3-1: Foul Ball, location: 2F
3-2: Base on Balls
Batting: RHB Chet Hollis 0-0: Called Strike
0-1: Called Strike
0-2: DOUBLE (Line Drive, 9)
Toussiant L'Ouverture to third
Batting: RHB Stephen Chávez 0-0: Ball
1-0: Fly out, F6 (Line Drive, 6)
Top of the 1st over - 0 run(s), 2 hit(s), 0 error(s), 2 left on base; Galesburg 0 - Mancelona 0
BOTTOM OF THE 1ST
Mancelona Torch batting - Pitching for Galesburg Guzzlers : RHP César Albó
Pitching: RHP César Albó
Batting: RHB José Córdova 0-0: Ball
1-0: Ball
2-0: Ball
3-0: Foul Ball, location: 2F
3-1: Called Strike
3-2: Base on Balls
Batting: RHB Kyle Vandenbrink 0-0: Ball
1-0: Called Strike
1-1: Ball
2-1: SINGLE (Groundball, 6MD)
José Córdova to second
Batting: RHB Blake Snow 0-0: Called Strike
José Córdova steals 3rd base
Kyle Vandenbrink to second
0-1: Ground out 5-3 (Groundball, 56)
José Córdova scores
Batting: RHB Ratko Ralevic 0-0: Ball
1-0: Called Strike
1-1: Fly out, F9 (Flyball, 9LS)
Batting: LHB Badry Maksimenov 0-0: Ball
1-0: Ground out U3 (Groundball, 34S)
Bottom of the 1st over - 1 run(s), 1 hit(s), 0 error(s), 1 left on base; Galesburg 0 - Mancelona 1
TOP OF THE 2ND
Galesburg Guzzlers batting - Pitching for Mancelona Torch : RHP Ignacio Ayala
Batting: RHB Fletcher Megarity 0-0: Ground out 6-3 (Groundball, 6)
Batting: RHB Mike Mays 0-0: Swinging Strike
0-1: Ball
1-1: Ball
2-1: Fly out, F1 (Line Drive, 15)
Batting: RHB Jorge Velázquez 0-0: Ball
1-0: Fly out, F7 (Line Drive, 7LM)
Top of the 2nd over - 0 run(s), 0 hit(s), 0 error(s), 0 left on base; Galesburg 0 - Mancelona 1
BOTTOM OF THE 2ND
Mancelona Torch batting - Pitching for Galesburg Guzzlers : RHP César Albó
Batting: RHB Armando Pacheco 0-0: Foul Ball, location: 2F
0-1: Fly out, F9 (Flyball, 9LS)
Batting: RHB Jim Unknown 0-0: Ball
1-0: Foul Ball, location: 2F
1-1: Bunt missed!
1-2: Strikes out swinging
Batting: LHB Jim Halpert 0-0: Ball
1-0: Ground out 6-3 (Groundball, 6)
Bottom of the 2nd over - 0 run(s), 0 hit(s), 0 error(s), 0 left on base; Galesburg 0 - Mancelona 1
TOP OF THE 3RD
Galesburg Guzzlers batting - Pitching for Mancelona Torch : RHP Ignacio Ayala
Batting: LHB Marshall Willis 0-0: Ball
1-0: Ball
2-0: SINGLE (Groundball, 4MS) (infield hit)
Batting: RHB Eun-bum Kim 0-0: Foul Ball, location: 2F
0-1: Ball
1-1: Ball
2-1: Foul Ball, location: 2F
2-2: Strikes out swinging
Batting: RHB Sébastien Bernard 0-0: Called Strike
0-1: Ball
1-1: Foul Ball, location: 2F
1-2: Ball
2-2: Foul Ball, location: 2F
2-2: Foul Ball, location: 2F
2-2: Foul Ball, location: 2F
2-2: Fly out, F9 (Flyball, 9S)
Batting: RHB Toussiant L'Ouverture 0-0: SINGLE (Groundball, 6MD)
Marshall Willis to second
Runner from 2nd tries for 3rd, SAFE, throw made to third
Batting: RHB Chet Hollis 0-0: Foul Ball, location: 2F
0-1: Ball
1-1: Ball
2-1: Ball
3-1: DOUBLE (Flyball, 89M)
Marshall Willis scores
Toussiant L'Ouverture to third
Runner from 3rd tries for Home, SAFE, throw made home
Batting: RHB Stephen Chávez 0-0: Ground out U3 (Groundball, 3S)
Top of the 3rd over - 2 run(s), 3 hit(s), 0 error(s), 1 left on base; Galesburg 2 - Mancelona 1
BOTTOM OF THE 3RD
Mancelona Torch batting - Pitching for Galesburg Guzzlers : RHP César Albó
Batting: RHB Burt Babbs 0-0: Ball
1-0: Ball
2-0: Ball
3-0: Called Strike
3-1: DOUBLE (Line Drive, 7LM)
Batting: RHB José Córdova 0-0: Ball
1-0: Called Strike
1-1: Foul Ball, location: 2F
1-2: Foul Ball, location: 2F
1-2: Ball
2-2: Ball
3-2: Strikes out swinging
Batting: RHB Kyle Vandenbrink 0-0: Called Strike
0-1: Foul Ball, location: 2F
0-2: Foul Ball, location: 2F
0-2: Ball
1-2: Ball
2-2: Fly out, F7 (Flyball, 7)
Batting: RHB Blake Snow 0-0: Called Strike
0-1: Ball
1-1: DOUBLE (Line Drive, 7LS)
Burt Babbs scores
Batting: RHB Ratko Ralevic 0-0: Fly out, F8 (Flyball, 8LM)
Bottom of the 3rd over - 1 run(s), 2 hit(s), 0 error(s), 1 left on base; Galesburg 2 - Mancelona 2
TOP OF THE 4TH
Galesburg Guzzlers batting - Pitching for Mancelona Torch : RHP Ignacio Ayala
Batting: RHB Fletcher Megarity 0-0: Called Strike
0-1: Hit by Pitch
Batting: RHB Mike Mays 0-0: Called Strike
0-1: Foul Ball, location: 2F
0-2: Ball
1-2: Grounds into double play, 5-4-3 (Groundball, 56)
Batting: RHB Jorge Velázquez 0-0: Ball
1-0: Foul Ball, location: 2F
1-1: Ball
2-1: SINGLE (Line Drive, 56D)
Batting: LHB Marshall Willis 0-0: Ball
1-0: Ball
2-0: Called Strike
2-1: 2-RUN HOME RUN (Flyball, 89XD), Distance : 411 ft
Batting: RHB Eun-bum Kim 0-0: Foul Ball, location: 2F
0-1: Ball
1-1: Ball
2-1: Fly out, F9 (Flyball, 9LM)
Top of the 4th over - 2 run(s), 2 hit(s), 0 error(s), 0 left on base; Galesburg 4 - Mancelona 2
BOTTOM OF THE 4TH
Mancelona Torch batting - Pitching for Galesburg Guzzlers : RHP César Albó
Batting: LHB Badry Maksimenov 0-0: Called Strike
0-1: Called Strike
0-2: Foul Ball, location: 2F
0-2: Strikes out looking
Batting: RHB Armando Pacheco 0-0: Foul Ball, location: 2F
0-1: Ground out 5-3 (Groundball, 5L)
Batting: RHB Jim Unknown 0-0: Called Strike
0-1: Foul Ball, location: 2F
0-2: Ball
1-2: Foul Ball, location: 2F
1-2: Ball
2-2: Strikes out swinging
Bottom of the 4th over - 0 run(s), 0 hit(s), 0 error(s), 0 left on base; Galesburg 4 - Mancelona 2
TOP OF THE 5TH
Galesburg Guzzlers batting - Pitching for Mancelona Torch : RHP Ignacio Ayala
Batting: RHB Sébastien Bernard 0-0: Called Strike
0-1: Foul Ball, location: 2F
0-2: Strikes out looking
Batting: RHB Toussiant L'Ouverture 0-0: Foul Ball, location: 2F
0-1: Fly out, F8 (Flyball, 8RM)
Batting: RHB Chet Hollis 0-0: Ball
1-0: Swinging Strike
1-1: Foul Ball, location: 2F
1-2: Reached on error, E5 (Groundball, 56)
Batting: RHB Stephen Chávez 0-0: Fielders Choice at 2nd, 5-4 (Groundball, 5L)
Top of the 5th over - 0 run(s), 0 hit(s), 1 error(s), 0 left on base; Galesburg 4 - Mancelona 2
BOTTOM OF THE 5TH
Mancelona Torch batting - Pitching for Galesburg Guzzlers : RHP César Albó
Batting: LHB Jim Halpert 0-0: Ball
1-0: Fly out, F5 (Line Drive, 5)
Batting: RHB Burt Babbs 0-0: Foul Ball, location: 2F
0-1: Ball
1-1: Ball
2-1: Foul Ball, location: 2F
2-2: Foul Ball, location: 2F
2-2: SINGLE (Flyball, 4MD)
Batting: RHB José Córdova 0-0: Fly out, F5 (Popup, 56)
Batting: RHB Kyle Vandenbrink 0-0: Ball
1-0: Foul Ball, location: 2F
1-1: Called Strike
1-2: Foul Ball, location: 2F
1-2: Ball
2-2: Foul Ball, location: 2F
2-2: SINGLE (Line Drive, 9LS)
Burt Babbs to second
Burt Babbs to third
Batting: RHB Blake Snow 0-0: Called Strike
0-1: Ball
1-1: Ball
2-1: Ball
3-1: Foul Ball, location: 2F
3-2: DOUBLE (Flyball, 78XD)
Burt Babbs scores
Kyle Vandenbrink to third
Kyle Vandenbrink scores
Batting: RHB Ratko Ralevic 0-0: Foul Ball, location: 2F
0-1: Foul Ball, location: 2F
0-2: Fly out, F7 (Flyball, 7LM)
Bottom of the 5th over - 2 run(s), 3 hit(s), 0 error(s), 1 left on base; Galesburg 4 - Mancelona 4
TOP OF THE 6TH
Galesburg Guzzlers batting - Pitching for Mancelona Torch : RHP Ignacio Ayala
Batting: RHB Fletcher Megarity 0-0: Foul Ball, location: 2F
0-1: Ground out 6-3 (Groundball, 6)
Batting: RHB Mike Mays 0-0: Ball
1-0: Ball
2-0: Ball
3-0: Called Strike
3-1: Base on Balls
Batting: RHB Jorge Velázquez 0-0: Called Strike
0-1: Ball
1-1: Ball
2-1: Fly out, F7 (Line Drive, 7)
Pitching: LHP Tyler Lund
Batting: LHB Marshall Willis 0-0: Called Strike
0-1: Ball
1-1: Ball
2-1: Called Strike
2-2: Strikes out looking
Top of the 6th over - 0 run(s), 0 hit(s), 0 error(s), 1 left on base; Galesburg 4 - Mancelona 4
BOTTOM OF THE 6TH
Mancelona Torch batting - Pitching for Galesburg Guzzlers : RHP César Albó
Batting: LHB Badry Maksimenov 0-0: Called Strike
0-1: Called Strike
0-2: Ball
1-2: Fly out, F9 (Flyball, 9LSF)
Batting: RHB Armando Pacheco 0-0: Ground out 5-3 (Groundball, 5)
Batting: RHB Jim Unknown 0-0: Called Strike
0-1: Foul Ball, location: 2F
0-2: Ball
1-2: Ground out 4-3 (Groundball, 4)
Bottom of the 6th over - 0 run(s), 0 hit(s), 0 error(s), 0 left on base; Galesburg 4 - Mancelona 4
TOP OF THE 7TH
Galesburg Guzzlers batting - Pitching for Mancelona Torch : LHP Tyler Lund
Batting: RHB Eun-bum Kim 0-0: Called Strike
0-1: Ball
1-1: Called Strike
1-2: Ball
2-2: Strikes out swinging
Pinch Hitting: RHB José Díaz 0-0: Ball
1-0: Ground out 6-3 (Groundball, 6S)
Batting: RHB Toussiant L'Ouverture 0-0: Called Strike
0-1: Ball
1-1: Ball
2-1: Called Strike
2-2: Ball
3-2: Foul Ball, location: 2F
3-2: Base on Balls
Batting: RHB Chet Hollis 0-0: Called Strike
0-1: Called Strike
0-2: Ball
1-2: Foul Ball, location: 2F
1-2: Ball
2-2: Strikes out swinging
Top of the 7th over - 0 run(s), 0 hit(s), 0 error(s), 1 left on base; Galesburg 4 - Mancelona 4
BOTTOM OF THE 7TH
Mancelona Torch batting - Pitching for Galesburg Guzzlers : RHP César Albó
Now in RF: Robby Amesquita
Batting: LHB Jim Halpert 0-0: Foul Ball, location: 2F
0-1: Foul Ball, location: 2F
0-2: SINGLE (Groundball, 34D)
Batting: RHB Burt Babbs 0-0: Ball
1-0: Sac Bunt - play at first, batter OUT! 1-4
Jim Halpert to second
Pinch Hitting: LHB Yataro Matsuura 0-0: Ball
1-0: Ball
2-0: Ball
Wild Pitch!
Jim Halpert to third
3-0: Called Strike
3-1: Base on Balls
Batting: RHB Kyle Vandenbrink 0-0: Ball
1-0: Fly out, F7 (Flyball, 7S)
Runner from 3rd tags up, OUT at HOME
Bottom of the 7th over - 0 run(s), 1 hit(s), 0 error(s), 1 left on base; Galesburg 4 - Mancelona 4
TOP OF THE 8TH
Galesburg Guzzlers batting - Pitching for Mancelona Torch : LHP Tyler Lund
Now at SS: Juan Hernández
Batting: RHB Stephen Chávez 0-0: Ground out 5-3 (Groundball, 56S)
Batting: RHB Fletcher Megarity 0-0: Fly out, F4 (Popup, 3D)
Batting: RHB Mike Mays 0-0: Called Strike
0-1: Called Strike
0-2: Ball
1-2: Strikes out looking
Top of the 8th over - 0 run(s), 0 hit(s), 0 error(s), 0 left on base; Galesburg 4 - Mancelona 4
BOTTOM OF THE 8TH
Mancelona Torch batting - Pitching for Galesburg Guzzlers : RHP César Albó
Batting: RHB Blake Snow 0-0: SINGLE (Line Drive, 7S)
Pinch Runner at 1st Tony Lugo:
Batting: RHB Ratko Ralevic 0-0: Ball
Tony Lugo is caught stealing 2nd base
1-0: Foul Ball, location: 2F
1-1: Fly out, F9 (Flyball, 89D)
Pinch Hitting: LHB Jorge Morín 0-0: Called Strike
0-1: Swinging Strike
0-2: Ball
1-2: Ball
2-2: Foul Ball, location: 2F
2-2: Fly out, F8 (Flyball, 8LM)
Bottom of the 8th over - 0 run(s), 1 hit(s), 0 error(s), 0 left on base; Galesburg 4 - Mancelona 4
TOP OF THE 9TH
Galesburg Guzzlers batting - Pitching for Mancelona Torch : LHP Tyler Lund
Pitching: RHP Robert Cagle
Now at 3B: Tony Lugo
Now in LF: Yoritoki Nishimura
Pinch Hitting: LHB Armando Rodríguez 0-0: Ball
1-0: Called Strike
1-1: Ball
2-1: Foul Ball, location: 2F
2-2: Ball
3-2: Base on Balls
Batting: LHB Marshall Willis 0-0: Bunted foul
0-1: Sac Bunt - play at first, batter OUT! 2-4
Armando Rodríguez to second
Pinch Hitting: LHB Jim Unknown 0-0: Intentional Walk
Pinch Runner at 2nd Barrett Drury:
Pinch Hitting: RHB José Alfaro 0-0: Ball
1-0: Foul Ball, location: 2F
1-1: Called Strike
1-2: Strikes out swinging
Batting: RHB Toussiant L'Ouverture 0-0: Called Strike
0-1: Called Strike
0-2: Foul Ball, location: 2F
0-2: Ball
1-2: Strikes out swinging
Top of the 9th over - 0 run(s), 0 hit(s), 0 error(s), 2 left on base; Galesburg 4 - Mancelona 4
BOTTOM OF THE 9TH
Mancelona Torch batting - Pitching for Galesburg Guzzlers : RHP César Albó
Pitching: RHP Ieyoshi Asai
Now at 1B: Jim Unknown
Now in LF: José Alfaro
Now in RF: Jim Unknown
Pinch Hitting: LHB Alberto Hernández 0-0: Ball
1-0: Ball
2-0: Ball
3-0: Called Strike
3-1: Called Strike
3-2: Base on Balls
Batting: RHB Jim Unknown 0-0: Sac Bunt - play at first, batter OUT! 1-4
Alberto Hernández to second
Batting: LHB Jim Halpert 0-0: Called Strike
0-1: Ball
1-1: Ball
2-1: Called Strike
2-2: Foul Ball, location: 2F
2-2: Foul Ball, location: 2F
2-2: Foul Ball, location: 2F
2-2: Ball
3-2: Base on Balls
Batting: RHB Burt Babbs 0-0: Ball
Alberto Hernández steals 3rd base
Jim Halpert to second
1-0: Intentional Walk
Batting: RHB Juan Hernández 0-0: Called Strike
0-1: Ball
1-1: Foul Ball, location: 2F
1-2: Ball
2-2: Strikes out looking
Batting: RHB Kyle Vandenbrink 0-0: Foul Ball, location: 2F
0-1: Foul Ball, location: 2F
0-2: SINGLE (Flyball, 7S)
Alberto Hernández scores
Saturday, May 26th, 2018 - OOTP Baseball 17.12 Build 75